 Dungeon Crawl Stone Soup version 0.29-a0-1027-gcd8c55af63 (webtiles) character file.

Game seed: 5199405839472431818

221 nicolae the Changer (level 5, -1/40 HPs)
             Began as a Draconian Transmuter on Aug 13, 2022.
             Succumbed to a kobold brigand's poison
             ... in a sewer.
             The game lasted 00:05:10 (3422 turns).

nicolae the Changer (Draconian Transmuter)          Turns: 3422, Time: 00:05:11

Health: -1/40      AC:  6    Str: 12    XL:     5   Next: 65%
Magic:  7/8        EV: 12    Int: 15    God:
Gold:   193        SH:  0    Dex: 12    Spells: 2/8 levels left

rFire   . . .      SeeInvis .     - Unarmed
rCold   + . .      Faith    .   (no shield)
rNeg    + . .      Spirit   .   (body armour unavailable)
rPois   .          Reflect  .   (helmet currently unavailable)
rElec   +          Harm     .   s - +0 cloak
rCorr   .          Rampage  .   (no gloves)
Will    .....                   (boots currently unavailable)
Stlth   ..........              (no amulet)
HPRegen 0.13/turn               r - ring "Teatz" {rElec rC+ rN+ Slay+4 Stlth-}
MPRegen 0.11/turn               (no ring)

@: brilliant, lethally poisoned (-1 -> -15), appendages, wereblooded, hasted,
very quick
A: horns 2, talons 2, AC +5, unfitting armour, cold-blooded
a: End Transformation


You were in a sewer.
You had temporarily grown beastly horns and talons.
You visited 1 branch of the dungeon, and saw 4 of its levels.
You also visited: Sewer.

You collected 193 gold pieces.

Inventory:

Missiles
 h - 3 curare-tipped darts
Armour
 s - a +0 cloak (worn)
Jewellery
 r - the ring "Teatz" (left hand) {rElec rC+ rN+ Slay+4 Stlth-}
   (You found it on level 3 of the Dungeon)

   [ring of slaying]

   Slay:      It affects your accuracy & damage with ranged weapons and melee
   (+4).
   rC:        It protects you from cold.
   rElec:     It insulates you from electricity.
   rN:        It protects you from negative energy.
   Stlth:     It makes you less stealthy.
Wands
 d - a wand of polymorph (9)
Scrolls
 b - a scroll of poison {unknown}
 e - a scroll of immolation
 f - a scroll of magic mapping {unknown}
 g - a scroll of enchant armour {unknown}
 i - a scroll of vulnerability {unknown}
 o - a scroll of silence {unknown}
 p - a scroll of summoning {unknown}
 t - a scroll of identify
Potions
 c - a potion of attraction {unknown}
 j - a potion of berserk rage {unknown}
 k - a potion of brilliance
 l - 2 potions of mutation
 m - a potion of magic {unknown}
 n - a potion of flight {unknown}
 q - a potion of curing


   Skills:
 - Level 1.1 Fighting
 - Level 1.7 Dodging
 - Level 3.0 Unarmed Combat
 - Level 2.0 Spellcasting
 - Level 5.0 Transmutations
 + Level 3.0 Poison Magic


You had 2 spell levels left.
You knew the following spells:

 Your Spells              Type           Power      Damage    Failure   Level
a - Beastly Appendage     Tmut           48%        N/A       2%          1
b - Wereblood             Tmut           24%        N/A       4%          2
c - Spider Form           Tmut/Pois      20%        N/A       13%         3

Your spell library contained the following spells:

 Spells                   Type           Power      Damage    Failure   Level
 Foxfire                  Conj/Fire      8%         2x1d4     22%         1
 Necrotise                Necr           8%         1d4       22%         1
 Conjure Flame            Conj/Fire      2%         6-21      54%         3
 Inner Flame              Hex/Fire       2%         N/A       54%         3
 Vampiric Draining        Necr           2%         2d6       54%         3
 Ice Form                 Ice/Tmut       13%        N/A       61%         4
 Flame Wave               Conj/Fire      2%         2d4       91%         4
 Agony                    Necr           2%         N/A       99%         5


Dungeon Overview and Level Annotations

Branches:
Dungeon (4/15)              Sewer (1/1)
 Temple: D:4-7

Altars:
Ashenzari


Innate Abilities, Weirdness & Mutations

You have temporarily grown beastly horns and talons.
Your plain brown scales are hard. (AC +5)
You cannot fit into any form of body armour.
You are cold-blooded and may be slowed by cold attacks.


Message History

The kobold brigand barely misses you.
The kobold brigand hits you but does no damage.
The kobold barely misses you.
You hit the kobold.
You feel a bit better.
You kill the kobold!
The kobold brigand splashes around in the water.
The kobold brigand hits you but does no damage. x2
You barely miss the kobold brigand. Your kick misses the kobold brigand.
Your headbutt misses the kobold brigand.
You tail-slap the kobold brigand.
The kobold brigand is lightly wounded.
The kobold brigand hits you with a +0 short sword.
* * * LOW HITPOINT WARNING * * *
The kobold brigand closely misses you.
The kobold brigand hits you but does no damage.
You hit the kobold brigand. You headbutt the kobold brigand!
The kobold brigand is almost dead.
The kobold brigand hits you but does no damage.
The kobold brigand hits you with a +0 short sword.
* * * LOW HITPOINT WARNING * * *
The kobold brigand hits you with a +0 dagger.
* * * LOW HITPOINT WARNING * * *
It was a potion of brilliance.
You feel clever all of a sudden.
The kobold brigand barely misses you. x2; The kobold brigand misses you.
The kobold brigand hits you with a +0 short sword.
* * * LOW HITPOINT WARNING * * *
You feel yourself speed up. The kobold brigand closely misses you.
The kobold brigand throws a poisoned dart.
The poisoned dart hits you!
You are lethally poisoned!
You howl as the wereblood boils in your veins!
* * * LOW HITPOINT WARNING * * *
You feel sick.
The kobold brigand throws a poisoned dart.
The poisoned dart hits you!
You are more poisoned.
* * * LOW HITPOINT WARNING * * *
You feel very sick.
You die...

~~~ ~~~ ≈≈~ ≈≈≈~≈≈ ~~~
~~~~~~
##############~#######~#~###
#..[.#~~~.P~P~~P~P..P~~~~~~.
#.∩[.'~~....~~~~~~...~P~~~..
#.?..).K~...P~~.......~.P...
#.!..#K.K..@................
#### ##....................P
#...........P.....†..#
###P............P...##
#####............##
###.####..#### ### ####


You could see 3 kobold brigands.

Vanquished Creatures
  A scorpion (D:4)
  7 gnolls
  2 adders
  A river rat (D:4)
  A worm (D:3)
  A dart slug (D:1)
  An orc (D:3)
  4 bats
  7 endoplasms
  7 giant cockroaches
  3 goblins
  6 hobgoblins
  2 jackals (D:2)
  7 ball pythons
  2 frilled lizards
  8 kobolds
  7 rats
67 creatures vanquished.

Notes
Turn   | Place    | Note
-------+----------+-------------------------------------------
     0 | D:1      | nicolae the Draconian Transmuter began the quest for the
                  | Orb.
     0 | D:1      | Reached XP level 1. HP: 16/16 MP: 3/3
   331 | D:1      | Reached XP level 2. HP: 20/23 MP: 5/5
   435 | D:1      | Reached skill level 3 in Transmutations
   802 | D:1      | Found a faded altar of an unknown god.
  1028 | D:2      | Found a broken altar of Ashenzari.
  1060 | D:2      | HP: 1/23 [kobold/+0 dagger (1)]
  1068 | D:2      | Reached XP level 3. HP: 4/28 MP: 6/6
  1224 | D:2      | Learned a level 2 spell: Wereblood
  1231 | D:2      | Learned a level 3 spell: Spider Form
  2139 | D:3      | Reached skill level 4 in Transmutations
  2152 | D:3      | Reached XP level 4. HP: 15/35 MP: 7/7
  2721 | D:3      | Identified the ring "Teatz" {rElec rC+ rN+ Slay+4 Stlth-}
  3067 | D:4      | Noticed a scorpion
  3075 | D:4      | Killed a scorpion
  3076 | D:4      | Reached skill level 5 in Transmutations
  3076 | D:4      | Reached XP level 5. HP: 25/40 MP: 4/8
  3207 | D:4      | Found a glowing drain.
  3230 | Sewer    | Entered a sewer
  3421 | Sewer    | HP: 1/40 [poisoned by a kobold brigand]
  3422 | Sewer    | Succumbed to a kobold brigand's poison

Illustrated notes

Levels and vault maps discovered:
D:1:      minmay_arrival_five_plusses, layout_loops_ring,
          hellmonk_ecumenical_altar_pennies_from_heaven, st_stairs_2,
          minivault_24, minmay_pentomino_q4
D:2:      wander_river, layout_basic, basic_altar
D:3:      layout_loops_ring
D:4:      layout_gridville, lemuel_doored_altar, portal_sewer_entry_a,
          minmay_hedge_maze, uniq_pikel, uniq_edmund
Sewer:    kennysheep_pipe_town

Skill      XL: |  1  2  3  4  5 |
---------------+----------------+-----
Transmutations | 3 4 5 |  5.0
Poison Magic   | 2 3 |  3.0
Fighting       | |  1.1
Dodging        | |  1.7
Unarmed Combat | |  3.0
Spellcasting   | |  2.0

Action                   |  1- 3 |  4- 6 || total
-------------------------+-------+-------++-------
Melee: Unarmed           |   108 |    84 ||   192
       Headbutt          |    21 |     8 ||    29
       Kick              |    24 |    21 ||    45
       Tailslap          |     7 |    10 ||    17
       Punch             |     2 |       ||     2
 Cast: Beastly Appendage |    22 |    15 ||    37
       Wereblood         |     1 |     2 ||     3
  Use: Potion            |     1 |     3 ||     4
       Scroll            |     4 |     3 ||     7
Armor: Skin              |    32 |    50 ||    82
Dodge: Dodged            |    73 |    75 ||   148

Table legend: (Time is in decaauts)
 A = Elapsed time spent in this place.
 B = Non-inter-level travel time spent in this place.
 C = Inter-level travel time spent in this place.
 D = Time resting spent in this place.
 E = Time spent auto-exploring this place.
 F = Levels seen in this place.
 G = Mean time per level.
                   A        B        C        D        E       F      G
               +--------+--------+--------+--------+--------+-----+--------+
         Total |   3431 |   3378 |     53 |    338 |   2572 |   5 |  686.2 |
       Dungeon |   3231 |   3178 |     53 |    338 |   2429 |   4 |  807.8 |
         Sewer |    200 |    200 |      0 |      0 |    142 |   1 |  200.0 |
               +--------+--------+--------+--------+--------+-----+--------+

Top non-repeatable levels by time:
     D:3: 1043 daAuts
     D:1: 1023 daAuts
     D:2: 1002 daAuts
   Sewer: 200 daAuts
     D:4: 162 daAuts
